 Dungeon Crawl Stone Soup version 0.29-a0-364-g921d912d32 (webtiles) character file.

Game seed: 10393117196435095568

415 Artihs the Skirmisher (level 7, -2/55 HPs)
             Began as a Human Fighter on Apr 30, 2022.
             Was an Initiate of Wu Jian.
             Succumbed to a water moccasin's poison
             ... on level 5 of the Dungeon.
             The game lasted 00:18:19 (3492 turns).

Artihs the Skirmisher (Human Fighter)               Turns: 3492, Time: 00:18:20

Health: -2/55      AC: 12    Str: 18    XL:     7   Next: 15%
Magic:  7/7        EV:  7    Int:  8    God:    Wu Jian [......]
Gold:   271        SH:  5    Dex: 13    Spells: 6/6 levels left

rFire   + . .      SeeInvis .   d - +0 mace
rCold   . . .      Faith    .   c - +0 buckler
rNeg    . . .      Spirit   .   n - +0 chain mail {rF+}
rPois   .          Reflect  .   p - +0 helmet
rElec   .          Harm     +   (no cloak)
rCorr   .          Rampage  .   o - +1 pair of gloves of Emokiegi {Harm}
Will    .....                   (no boots)
Stlth   ..........              (no amulet)
HPRegen 0.18/turn               (no ring)
MPRegen 0.10/turn               (no ring)

@: lethally poisoned (-2 -> -28)
A: no striking features
a: Renounce Religion


You were on level 5 of the Dungeon.
You worshipped Wu Jian.
Wu Jian was noncommittal.
You visited 2 branches of the dungeon, and saw 5 of its levels.

You collected 271 gold pieces.

Inventory:

Hand Weapons
 a - a +0 flail
 d - a +0 mace (weapon)
Armour
 b - a +0 scale mail
 c - a +0 buckler (worn)
 h - a +0 chain mail
 n - a +0 chain mail of fire resistance (worn)
 o - the +1 pair of gloves of Emokiegi (worn) {Harm}
   (You found it on level 2 of the Dungeon)

   Harm:      It increases damage dealt and taken.
 p - a +0 helmet (worn)
 v - a +0 helmet
Wands
 u - a wand of paralysis (11)
Scrolls
 e - a scroll of identify {unknown}
 f - a scroll of immolation {unknown}
 g - a scroll of fear {unknown}
 i - a scroll of magic mapping {unknown}
 l - 2 scrolls of teleportation
 r - a scroll of blinking {unknown}
Potions
 j - a potion of cancellation {unknown}
 m - 2 potions of flight {unknown}
 q - a potion of ambrosia {unknown}
 s - a potion of brilliance {unknown}
 t - a potion of curing {unknown}


   Skills:
 * Level 4.7 Fighting
 * Level 4.1 Maces & Flails
 + Level 3.8 Armour
 + Level 2.2 Dodging
 + Level 3.9 Shields


You had 6 spell levels left.
You didn't know any spells.
Your spell library was empty.

Dungeon Overview and Level Annotations

Branches:
Dungeon (5/15)             Temple (1/1) D:5

Altars:
Ashenzari
Cheibriados
Fedhas
Gozag
Hepliaklqana
Kikubaaqudgha
Makhleb
Nemelex Xobeh
Qazlal
Ru
Sif Muna
Uskayaw
Wu Jian
Xom
Zin

Shops:
D:1 (


Message History

You kill the quokka!
The Council accepts your kill.
The water moccasin bites you but does no damage.
You hit the water moccasin.
The water moccasin is lightly wounded.
You block the water moccasin's attack. The water moccasin bites you.
You are poisoned.
The water moccasin poisons you!
You miss the water moccasin.
The water moccasin is lightly wounded.
You feel very sick. The water moccasin barely misses you.
The water moccasin bites you!
You are more poisoned.
The water moccasin poisons you!
You barely miss the water moccasin.
The water moccasin is lightly wounded.
You feel very sick.
The water moccasin bites you but does no damage.
You miss the water moccasin.
The water moccasin is lightly wounded.
You feel very sick. The water moccasin bites you!
You are lethally poisoned!
The water moccasin poisons you! The water moccasin barely misses you.
You sock the water moccasin!
The water moccasin is heavily wounded.
* * * LOW HITPOINT WARNING * * *
You feel extremely sick. The water moccasin bites you.
* * * LOW HITPOINT WARNING * * *
You are more poisoned.
The water moccasin poisons you! You block the water moccasin's attack.
You hit the water moccasin.
The water moccasin is severely wounded.
* * * LOW HITPOINT WARNING * * *
You feel extremely sick. The water moccasin barely misses you.
You miss the water moccasin.
The water moccasin is severely wounded.
You die...

......# ......# ......#
. ......####### ..
............# ...
......#####.. ....
......# .....
##..##############......
#...............@SO.....
##.###..##########......
#.# ##<.### .....
#..#####...##### ....
#.###[.........# ... #.
#..........# .. ##
#..........# .
######..#### ##.#


You could see a water moccasin and an ogre.

Vanquished Creatures
  Duvessa (D:5)
  A phantom (D:5)
  Dowan (D:5)
  A hound (D:5)
  Natasha (thrice) (D:2)
  Robin (D:2)
  5 adders
  A dart slug (D:1)
  An orc (D:5)
  6 ball pythons
  3 bats (D:2)
  3 endoplasms
  10 goblins
  9 hobgoblins
  2 jackals (D:2)
  4 kobolds
  4 quokkas
  5 frilled lizards
  6 rats (D:1)
67 creatures vanquished.

Notes
Turn   | Place    | Note
-------+----------+-------------------------------------------
     0 | D:1      | Artihs the Human Fighter began the quest for the Orb.
     0 | D:1      | Reached XP level 1. HP: 18/18 MP: 1/1
    78 | D:1      | Reached XP level 2. HP: 5/24 MP: 2/2
   319 | D:1      | Found Metef's Antique Weapon Boutique.
   831 | D:1      | Reached XP level 3. HP: 29/29 MP: 3/3
  1122 | D:2      | Found a faded altar of an unknown god.
  1293 | D:2      | Noticed Natasha
  1296 | D:2      | Killed Natasha
  1297 | D:2      | Reached skill level 1 in Dodging
  1297 | D:2      | Reached XP level 4. HP: 35/35 MP: 4/4
  1298 | D:2      | Noticed Natasha
  1309 | D:2      | Killed Natasha
  1779 | D:2      | Identified the +1 pair of gloves of Emokiegi {Harm}
  1893 | D:2      | Reached XP level 5. HP: 42/42 MP: 5/5
  2196 | D:2      | Noticed Natasha
  2201 | D:2      | Killed Natasha
  2212 | D:2      | Noticed Robin
  2233 | D:2      | Killed Robin
  2526 | D:2      | Found a shimmering altar of Xom.
  2777 | D:3      | You fall into a shaft and drop 2 floors!
  2777 | D:5      | Entered Level 5 of the Dungeon
  2789 | D:5      | Reached XP level 6. HP: 44/48 MP: 6/6
  2821 | D:5      | Found a staircase to the Ecumenical Temple.
  2833 | Temple   | Entered the Ecumenical Temple
  3127 | Temple   | Became a worshipper of the Wu Jian Council
  3160 | D:5      | Noticed Dowan
  3161 | D:5      | Noticed Duvessa
  3173 | D:5      | Killed Duvessa
  3181 | D:5      | Killed Dowan
  3193 | D:5      | Reached XP level 7. HP: 32/55 MP: 7/7
  3482 | D:5      | Noticed a water moccasin
  3492 | D:5      | Succumbed to a water moccasin's poison

Illustrated notes

Levels and vault maps discovered:
D:1:      matt_arrival_refuge, layout_rooms, serial_shops, shop_coins,
          st_stairs_14, minmay_misc_feat_four_crosses
D:2:      wander_river, layout_loops_corners, basic_altar,
          hellmonk_ecumenical_altar_prayer_group, uniq_natasha, uniq_robin
D:3:      layout_loops_corners, serial_undead, serial_undead_d, serial_undead_b,
          serial_undead_d, serial_undead_e
D:5:      layout_rooms, minmay_temple_entry_junction, moated_statue,
          uniq_duvessa
Temple:   eino_temple_water

Skill      XL: |  1  2  3  4  5  6 |
---------------+-------------------+-----
Dodging        | 1 2 |  2.2
Maces & Flails | 3 4 |  4.1
Fighting       | 4 |  4.7
Armour         | |  3.8
Shields        | |  3.9

Action                   |  1- 3 |  4- 6 |  7- 9 || total
-------------------------+-------+-------+-------++-------
Melee: Flail             |    75 |    84 |       ||   159
       Mace              |       |    38 |    20 ||    58
Throw: Dart              |     2 |    30 |     8 ||    40
  Use: Potion            |       |     1 |       ||     1
       Scroll            |       |       |     1 ||     1
Armor: Scale mail        |    41 |       |       ||    41
       Chain mail        |     8 |   119 |    11 ||   138
Dodge: Dodged            |    38 |    78 |     9 ||   125
Block: Buckler           |    17 |    43 |     3 ||    63

Table legend: (Time is in decaauts)
 A = Elapsed time spent in this place.
 B = Non-inter-level travel time spent in this place.
 C = Inter-level travel time spent in this place.
 D = Time resting spent in this place.
 E = Time spent auto-exploring this place.
 F = Levels seen in this place.
 G = Mean time per level.
                   A        B        C        D        E       F      G
               +--------+--------+--------+--------+--------+-----+--------+
         Total |   3583 |   3141 |    442 |   1197 |   1379 |   5 |  716.6 |
       Dungeon |   3271 |   2935 |    336 |   1197 |   1187 |   4 |  817.8 |
        Temple |    312 |    206 |    106 |      0 |    192 |   1 |  312.0 |
               +--------+--------+--------+--------+--------+-----+--------+

Top non-repeatable levels by time:
     D:2: 1721 daAuts
     D:1: 1134 daAuts
     D:5: 414 daAuts
  Temple: 312 daAuts
